 Dungeon Crawl Stone Soup version 0.24.0-37-gcf1ca852f1 (webtiles) character file.

Game seed: 13004522122799621074, levelgen mode: deterministic

1870 Kobolds4U the Slicer (level 8, -1/46 HPs)
             Began as a Deep Elf Conjurer on Dec 6, 2019.
             Was a Believer of Ashenzari.
             Slain by a killer bee (8 damage)
             ... on level 6 of the Dungeon.
             The game lasted 00:27:28 (8193 turns).

Kobolds4U the Slicer (Deep Elf Conjurer)            Turns: 8193, Time: 00:27:29

Health: -1/46      AC:  6    Str:  6    XL:     8   Next: 90%
Magic:  6/16       EV: 12    Int: 22    God:    Ashenzari [**....]
Gold:   112        SH:  3    Dex: 15    Spells: 1/15 levels left

rFire    . . .     SeeInvis .   F - +1 dagger "Voroesse" {protect, rPois Stlth+} (curse)
rCold    + + .     Gourm    .   i - +0 buckler
rNeg     . . .     Faith    .   a - +0 robe
rPois    +         Spirit   .   y - +1 helmet
rElec    .         Reflect  .   p - +0 cloak
rCorr    .         Harm     +   D - +0 pair of gloves
MR       .....                  (no boots)
Stlth    +++.......             q - amulet of harm (curse)
HPRegen  0.15/turn              k - ring of protection from cold
MPRegen  0.15/turn              f - ring of protection from cold

@: very slightly contaminated, invisible
A: no striking features
a: Curse Item, Scrying, Renounce Religion


You were on level 6 of the Dungeon.
You worshipped Ashenzari.
Ashenzari was pleased with you.
You were not hungry.

You visited 1 branch of the dungeon, and saw 7 of its levels.

You collected 362 gold pieces.
You spent 250 gold pieces at shops.

Inventory:

Hand Weapons
 F - the cursed +1 dagger "Voroesse" (weapon) {protect, rPois Stlth+}
   (You found it on level 6 of the Dungeon)

   It grants its wielder temporary protection when it strikes (+7 to AC).
   It protects you from poison.
   It makes you more stealthy.
   It has a curse placed upon it.
Armour
 a - a +0 robe (worn)
 i - a +0 buckler (worn)
 p - a +0 cloak (worn)
 y - a +1 helmet (worn)
 D - a +0 pair of gloves (worn)
Jewellery
 f - a ring of protection from cold (right hand)
 k - a ring of protection from cold (left hand)
 q - a cursed amulet of harm (around neck)
 C - an uncursed amulet of regeneration
Wands
 x - a wand of flame (9)
Scrolls
 b - a scroll of amnesia {unknown}
 d - a scroll of noise {unknown}
 j - 2 scrolls of teleportation {unknown}
 n - 3 scrolls of enchant armour {unknown}
 o - 2 scrolls of blinking {unknown}
 r - 2 scrolls of remove curse
 s - a scroll of magic mapping {unknown}
 u - 2 scrolls of enchant weapon {unknown}
 z - a scroll of identify {unknown}
 A - a scroll of random uselessness {unknown}
 E - a scroll of fear {unknown}
 H - a scroll of immolation {unknown}
Potions
 e - 2 potions of curing
 g - a potion of degeneration {unknown}
 h - 2 potions of invisibility
 l - a potion of mutation {unknown}
 m - 3 potions of lignification {unknown}
 t - a potion of haste {unknown}
 v - 4 potions of agility {unknown}
 B - a potion of berserk rage {unknown}
 I - a potion of ambrosia {unknown}
 J - a potion of heal wounds {unknown}
Comestibles
 c - 13 rations


   Skills:
 - Level 3.0 Fighting
 - Level 9.7(11.8) Short Blades
 * Level 3.0 Dodging
 - Level 2.9 Stealth
 - Level 4.0 Spellcasting
 - Level 5.4 Conjurations
 + Level 2.2 Translocations


You had one spell level left.
You knew the following spells:

 Your Spells              Type           Power        Failure   Level  Hunger
a - Magic Dart            Conj           ####         1%          1    None
b - Searing Ray           Conj           ####..       3%          2    #......
c - Dazzling Spray        Conj/Hex       ###...       19%         3    ###....
d - Force Lance           Conj/Tloc      ###.....     36%         4    ####...
e - Blink                 Tloc           N/A          12%         2    #......
f - Slow                  Hex            #.......     28%         2    #......

Your spell library contained the following spells:

 Spells                   Type           Power        Failure   Level  Hunger
 Corona                   Hex            #......      19%         1    None
 Conjure Flame            Conj/Fire      ###.....     19%         3    ###....
 Iskenderun's Mystic Bla  Conj           ####....     21%         4    ####...
 Mephitic Cloud           Conj/Pois/Air  ##......     26%         3    ###....
 Call Imp                 Summ           #.......     28%         2    #......
 Ensorcelled Hibernation  Hex/Ice        #.....       28%         2    #......
 Confuse                  Hex            #.......     50%         3    ###....
 Tukima's Dance           Hex            #.......     50%         3    ###....
 Fulminant Prism          Conj/Hex       ###.......   52%         4    ####...


Dungeon Overview and Level Annotations

Branches:
Dungeon (7/15)             Temple (0/1) D:4

Altars:
Ashenzari
Dithmenos
Makhleb
Okawaru
Ru
Vehumet
Yredelemnul
Zin

Shops:
D:6 =:[

Annotations:
D:4 Dowan, Duvessa
D:7 Menkaure


Message History

(Press . to maintain the ray.)
The killer bee stings you.
* * * LOW HITPOINT WARNING * * *
The killer bee closely misses you.
The searing ray misses the killer bee.
The searing ray hits the jackal.
You kill the jackal!
You hear an angry buzzing noise.
The killer bee barely misses you. x2
You feel better. The killer bee misses you. The killer bee stings you.
* * * LOW HITPOINT WARNING * * *
You fade into invisibility!
The killer bee misses you.
The killer bee stings you but does no damage.
The killer bee buzzes angrily.
The killer bee stings you.
* * * LOW HITPOINT WARNING * * *
You see here an uncursed plate armour.
The killer bee closely misses you. The killer bee stings you!
You die...

### ######### #.# ........#
#.###### #######.###.†....#
..........#.####[# #######.#.#.#
#y# #######...y.# #y#
)........h### #@# ######
........y.# #.#########....# #
..........# #.......[......# #
.....y....# ###########....# #
.........h# #....# #
..........### ###.## #
............################.####
.................................
................################.


You could see 2 killer bees.

Vanquished Creatures
  Grinder (D:3)
  Sigmund (D:3)
  2 sky beasts
  An orc warrior (D:6)
  2 necrophages
  A phantom (D:4)
  3 ogres
  A centaur (D:4)
  A killer bee (D:6)
  A howler monkey (D:4)
  2 crimson imps
  An orc priest (D:6)
  3 hounds
  2 orc wizards
  Crazy Yiuf (D:3)
  An iguana (D:5)
  A worker ant (D:4)
  Terence (D:3)
  A killer bee zombie (D:5)
  A hound zombie (D:5)
  Robin (D:4)
  4 adders
  3 gnolls (D:6)
  2 shadow imps
  An adder skeleton (D:5)
  An adder zombie (D:6)
  3 worms
  2 dart slugs
  6 leopard geckos
  11 orcs
  3 giant cockroaches
  9 goblins
  7 hobgoblins
  2 jackals (D:6)
  A quokka (D:4)
  A ball python (D:2)
  10 bats
  9 frilled lizards
  4 kobolds
  A leopard gecko skeleton (D:6)
  8 rats
117 creatures vanquished.

Notes
Turn   | Place    | Note
-------+----------+-------------------------------------------
     0 | D:1      | Kobolds4U the Deep Elf Conjurer began the quest for the
                  | Orb.
     0 | D:1      | Reached XP level 1. HP: 10/10 MP: 6/6
   111 | D:1      | Reached XP level 2. HP: 15/15 MP: 1/8
   115 | D:1      | Learned a level 2 spell: Searing Ray
   647 | D:1      | Found a shattered altar of Ashenzari.
   653 | D:1      | Became a worshipper of Ashenzari the Shackled
   925 | D:2      | Found a glowing silver altar of Zin.
  1173 | D:2      | Reached XP level 3. HP: 19/19 MP: 5/9
  1426 | D:2      | Reached skill level 1 in Short Blades
  1901 | D:3      | Noticed Grinder
  2097 | D:3      | Noticed Sigmund
  2187 | D:3      | Killed Sigmund
  2187 | D:3      | Reached skill level 1 in Fighting
  2187 | D:3      | Reached skill level 3 in Short Blades
  2187 | D:3      | Reached skill level 5 in Conjurations
  2187 | D:3      | Reached XP level 4. HP: 16/26 MP: 6/11
  2187 | D:3      | Reached XP level 5. HP: 18/30 MP: 6/12
  2192 | D:3      | Learned a level 3 spell: Dazzling Spray
  2197 | D:3      | Learned a level 4 spell: Force Lance
  2464 | D:3      | Paralysed by Grinder for 3 turns
  2474 | D:3      | Paralysed by Grinder for 6 turns
  2481 | D:3      | Killed Grinder
  2481 | D:3      | Reached skill level 4 in Short Blades
  2481 | D:3      | Reached XP level 6. HP: 8/36 MP: 1/13
  2838 | D:3      | Found a runed translucent door.
  2839 | D:3      | Noticed Crazy Yiuf
  3025 | D:3      | Reached * piety under Ashenzari
  3078 | D:3      | Found a radiant altar of Vehumet.
  3081 | D:3      | Noticed Terence
  3168 | D:3      | Found a burning altar of Makhleb.
  3171 | D:3      | Found an iron altar of Okawaru.
  3171 | D:3      | Found a shadowy altar of Dithmenos.
  3175 | D:3      | Found a sacrificial altar of Ru.
  3181 | D:3      | Killed Terence
  3445 | D:3      | Reached skill level 5 in Short Blades
  3445 | D:3      | Reached XP level 7. HP: 40/40 MP: 5/14
  3536 | D:3      | Killed Crazy Yiuf
  4010 | D:4      | Reached skill level 6 in Short Blades
  4150 | D:4      | Reached skill level 7 in Short Blades
  4321 | D:4      | Noticed Dowan
  4335 | D:4      | Reached XP level 8. HP: 36/46 MP: 12/15
  4340 | D:4      | Noticed Robin
  4357 | D:4      | Killed Robin
  4384 | D:4      | Noticed Duvessa
  4437 | D:5      | Entered Level 5 of the Dungeon
  4892 | D:5      | Reached skill level 8 in Short Blades
  5126 | D:4      | Found a basalt altar of Yredelemnul.
  5602 | D:4      | Found a staircase to the Ecumenical Temple.
  6213 | D:5      | Learned a level 2 spell: Blink
  6216 | D:5      | Learned a level 2 spell: Slow
  6663 | D:6      | Found Lurraem's Book Shoppe.
  6750 | D:6      | Bought a book of Maledictions for 250 gold pieces
  6823 | D:6      | Reached skill level 9 in Short Blades
  6887 | D:6      | Found Faonoah's Antique Armour Emporium.
  7056 | D:6      | Found Taplib's Jewellery Shop.
  7082 | D:6      | Reached ** piety under Ashenzari
  7257 | D:6      | Reached skill level 1 in Translocations
  7566 | D:6      | Got the cursed dagger "Voroesse" {protect, rPois Stlth+}
  7567 | D:6      | Identified the cursed +1 dagger "Voroesse" {protect, rPois
                  | Stlth+} (You found it on level 6 of the Dungeon)
  7924 | D:7      | Noticed Menkaure
  8185 | D:6      | HP: 1/46 [killer bee (7)]
  8193 | D:6      | Slain by a killer bee

Levels and vault maps discovered:
D:1:      lemuel_arrival_room, layout_basic, ashenzari_altar_1
D:2:      layout_loops_ring, old_standard_altar, serial_bayou_ford_a,
          minmay_pentomino_z4
D:3:      layout_loops_ring, grunt_temple_overflow_open,
          minmay_tree_intersection, uniq_terence, uniq_crazy_yiuf_cottage,
          uniq_grinder, uniq_sigmund
D:4:      cheibrodos_barr_body, layout_basic, old_standard_altar,
          lemuel_temple_firewalk_a, nicolae_underground_beach, uniq_robin,
          uniq_duvessa
D:5:      layout_loops_ring, first_ration
D:6:      layout_basic, serial_shops, nicolae_shop_waterfront, shop,
          nicolae_shop_behind_doors
D:7:      layout_cave_pools, grunt_gozag_statues, fedhas_altar_4, uniq_menkaure

Skill      XL: |  1  2  3  4  5  6  7  8 |
---------------+-------------------------+-----
Dodging        | 3 |  3.0
Short Blades   | 3 4 5 7 9 |  9.7
Fighting       | 1 2 3 |  3.0
Conjurations   | 5 |  5.4
Spellcasting   | 4 |  4.0
Translocations | 2 |  2.2
Stealth        | |  2.9

Action                   |  1- 3 |  4- 6 |  7- 9 || total
-------------------------+-------+-------+-------++-------
Melee: Dagger            |    12 |     8 |    47 ||    67
       Unarmed           |     2 |       |       ||     2
       Long sword        |       |       |    19 ||    19
 Cast: Magic Dart        |    77 |    14 |   108 ||   199
       Searing Ray       |     4 |     3 |    19 ||    26
       Dazzling Spray    |       |     4 |    11 ||    15
       Blink             |       |       |     2 ||     2
Invok: Curse Item        |       |     1 |       ||     1
  Use: Potion            |       |       |     3 ||     3
 Stab: Sleeping          |     2 |     4 |    10 ||    16
  Eat: Chunk             |     4 |     4 |     9 ||    17
       Ration            |       |       |     2 ||     2
Armor: Robe              |     4 |       |    37 ||    41
Dodge: Dodged            |    20 |     2 |    60 ||    82
Block: Buckler           |     6 |       |    11 ||    17
       Rpst.: Long sword |       |       |     2 ||     2
